 Dungeon Crawl Stone Soup version 0.26.0-10-g1f06aea511 (webtiles) character file.

Game seed: 10790309055556847227

34 inc the Vexing (level 3, 0/14 HPs)
             Began as a Felid Enchanter on Jan 29, 2021.
             Succumbed to a goblin's poison
             ... on level 1 of the Dungeon.
             The game lasted 00:01:47 (1233 turns).

inc the Vexing (Felid Enchanter)                    Turns: 1233, Time: 00:01:48

Health: 0/14       AC:  1    Str:  4    XL:     3   Next: 14%
Magic:  0/7        EV: 18    Int: 16    God:
Gold:   46         SH:  0    Dex: 17    Spells: 3/6 levels left
                                        Lives:  0   Deaths: 0

rFire    . . .     SeeInvis +     - Unarmed
rCold    . . .     Faith    .   (shield unavailable)
rNeg     . . .     Spirit   .   (armour unavailable)
rPois    .         Reflect  .   (helmet unavailable)
rElec    .         Harm     .   (cloak unavailable)
rCorr    .         Rampage  .   (gloves unavailable)
Will     .....                  (boots unavailable)
Stlth    +++.......             (no amulet)
HPRegen  0.04/turn              (no ring)
MPRegen  0.10/turn              (no ring)

@: lethally poisoned (0 -> -5), attractive, quick
A: very small, no armour, no weapons or thrown items, stealth, claws 1, fangs 3,
see invisible, speed 1, shaggy fur 1, sharp paws
a: no special abilities


You were on level 1 of the Dungeon.
You visited 1 branch of the dungeon, and saw 2 of its levels.

You collected 46 gold pieces.

Inventory:

Scrolls
 b - a scroll of remove curse {unknown}
 c - 2 scrolls of identify {unknown}
 d - a scroll of magic mapping {unknown}


   Skills:
 - Level 2.6 Dodging
 + Level 4.4 Stealth
 + Level 2.9 Unarmed Combat
 - Level 2.0 Spellcasting
 - Level 4.4 Hexes


You had 3 spell levels left.
You knew the following spells:

 Your Spells              Type           Power        Failure   Level
a - Corona                Hex            16%          3%          1
b - Ensorcelled Hibernat  Hex/Ice        16%          13%         2

Your spell library contained the following spells:

 Spells                   Type           Power        Failure   Level
 Confusing Touch          Hex            15%          11%         3
 Tukima's Dance           Hex            15%          11%         3
 Dazzling Flash           Conj/Hex       16%          26%         3


Dungeon Overview and Level Annotations

Branches:
Dungeon (2/15)

Altars:
Hepliaklqana
Qazlal


Innate Abilities, Weirdness & Mutations

You cannot wear armour.
You are incapable of wielding weapons or throwing items.
Your paws allow you to move quietly. (Stealth)
You have sharp claws.
You have razor-sharp teeth.
You have supernaturally acute eyesight. (SInv)
You cover ground quickly.
You are covered in fur. (AC +1)
Your sharp claws are effective at attacking unaware monsters.


Message History

* * * LOW HITPOINT WARNING * * *
You feel sick.
It was a potion of attraction.
You feel attractive to monsters. The goblin is pulled toward you!
The goblin is pulled toward you!
* * * LOW HITPOINT WARNING * * *
You feel sick.
Casting: Ensorcelled Hibernation (safe; 13% risk of failure)
Confirm with . or Enter, or press ? or * to list all spells.
Aiming: Ensorcelled Hibernation (safe; 13% risk of failure)
Press: ? - help, Shift-Dir - straight line, f/p - goblin
Aim: a goblin, wielding a +2 dagger of venom (chance to affect: 57%)
The goblin looks drowsy...
You pounce on the unaware helpless goblin!
You claw the goblin!
You kill the goblin!
* * * LOW HITPOINT WARNING * * *
You feel sick.
You die...

.####.# #.......# #.#
.# #.###.......##...#
.#
#................###
##
#........>.........##
##.##................
..#
#.##..............
#.# #.##.......##...#
#.#
..#####....##...###
#.# ### #)...@......#
#.# ####.######.#
#.#### #.#
#.#####.#... #.##
#).......... #..#
#..####..... #..#
#..# #..... #รท.#
#..# #..... #..#
###..#####.... #..#
#....##.......


There were no monsters in sight!

Vanquished Creatures
  A gnoll (D:1)
  2 leopard geckos
  4 goblins
  5 hobgoblins
  3 bats
  3 frilled lizards (D:2)
  2 kobolds
  A rat (D:1)
21 creatures vanquished.

Notes
Turn   | Place    | Note
-------+----------+-------------------------------------------
     0 | D:1      | inc the Felid Enchanter began the quest for the Orb.
     0 | D:1      | Reached XP level 1. HP: 7/7 MP: 4/4
   507 | D:2      | Reached XP level 2. HP: 10/11 MP: 6/6
   542 | D:2      | Learned a level 2 spell: Ensorcelled Hibernation
  1036 | D:2      | Found a stormy altar of Qazlal.
  1135 | D:2      | Found a hazy altar of Hepliaklqana.
  1202 | D:1      | Reached XP level 3. HP: 14/14 MP: 2/7
  1233 | D:1      | Succumbed to a goblin's poison

Illustrated notes

Levels and vault maps discovered:
D:1:      lemuel_arrival_behind_the_door_small, layout_loops_ring
D:2:      layout_loops_ring, nicolae_overflow_hidden_temple,
          grunt_qazlal_clouds, uniq_crazy_yiuf_cottage

Skill      XL: |  1 |
---------------+----+-----
Unarmed Combat | 2 |  2.9
Dodging        | |  2.6
Stealth        | |  4.4
Spellcasting   | |  2.0
Hexes          | |  4.4

Action                   || total
-------------------------++-------
Melee: Unarmed           ||    60
       Bite              ||     3
 Cast: Corona            ||     2
       Ensorcelled Hiber ||    13
  Use: Potion            ||     1
 Stab: Sleeping          ||    13
Armor: Skin              ||     2
Dodge: Dodged            ||    52
